 Dungeon Crawl Stone Soup version 0.30.0-12-gd5a94ecb5d (webtiles) character file.

Game seed: 15296816965016701572

7 Cruella the Chopper (level 2, 0/26 HPs)
             Began as a Meteoran Cinder Acolyte on May 17, 2023.
             Was a High Priest of Ignis.
             Slain by a gnoll
             ... wielding a +0 spear
              (8 damage)
             ... on level 2 of the Dungeon.
             The game lasted 00:02:13 (57 turns).

Cruella the Chopper (Meteoran Cinder Acolyte)         Turns: 57, Time: 00:02:13

Health: 0/26       AC:  2    Str: 15    XL:     2   Next: 23%
Magic:  5/5        EV: 11    Int: 15    God:    Ignis [*****.]
Gold:   0          SH:  0    Dex:  9    Spells: 3/3 levels left

rFire   + . .        a - -1 hand axe (flame)
rCold   . . .        (no shield)
rNeg    . . .        b - +0 robe
rPois   .            (no helmet)
rElec   .            (no cloak)
rCorr   .            (no gloves)
SInv    .            (no boots)
Will    .....        (no amulet)
Stlth   +            (no ring)
HPRegen 0.24/turn    (no ring)
MPRegen 0.09/turn

%: no passive effects
@: glowing
A: sense surroundings 1, otherworldly, glowing, explore regen
a: Renounce Religion, Fiery Armour, Foxfire Swarm, Rising Flame


You were on level 2 of the Dungeon.
You worshipped Ignis.
Ignis was extremely pleased with you.
You visited 1 branch of the dungeon, and saw 2 of its levels.

Inventory:

Hand Weapons
 a - a -1 hand axe of flaming (weapon)
Armour
 b - a +0 robe (worn)
Potions
 c - a potion of mutation {unknown}


   Skills:
 - Level 3.2 Fighting
 * Level 4.3 Axes
 - Level 1.3 Spellcasting
 - Level 3.6 Fire Magic


You had 3 spell levels left.
You didn't know any spells.
Your spell library contained the following spells:

 Spells                   Type           Power      Damage    Failure   Level
 Scorch                   Fire           22%        2d5       9%          2


Dungeon Overview and Level Annotations

Branches:
Dungeon (2/15) Zot: 1140

Altars:


Innate Abilities, Weirdness & Mutations

You passively map a small area around you.
You are easily found by Zot.
You glow in the dark.
You regain HP and MP as you explore.


Message History

You climb downwards.
HP restored.
The goblin shouts!
You hear a shout!
Found five items.
Found a stone staircase leading up.
There is a stone staircase leading up here.
You closely miss the quokka. The quokka bites you.
You barely miss the quokka. The quokka bites you.
You hit the quokka. You burn the quokka.
The quokka is heavily wounded.
The quokka misses you. The quokka bites you.
You barely miss the quokka.
The quokka is heavily wounded.
You hit the goblin. You burn the goblin.
You kill the goblin!
A gnoll comes into view. It is wielding a +0 spear.
The quokka bites you.
Your Axes skill increases to level 4!
You have reached level 2!
You are too injured to fight recklessly!
You are too injured to fight recklessly!
You completely miss the quokka.
The quokka is heavily wounded.
The quokka bites you.
You hit the quokka. You burn the quokka.
You kill the quokka!
A quokka comes into view.
There is a stone staircase leading up here.
You closely miss the quokka. The quokka misses you.
You barely miss the quokka. The quokka bites you.
You hit the quokka. You burn the quokka.
You kill the quokka!
The gnoll hits you from afar with a +0 spear.
The gnoll barely misses you.
You barely miss the gnoll. The gnoll hits you with a +0 spear. x2
You slash the gnoll! You burn the gnoll.
The gnoll is almost dead.
The gnoll misses you.
You closely miss the gnoll.
The gnoll is almost dead.
The gnoll hits you with a +0 spear!
You die...

##.....##.....##...
##..............#...
#...................
#...................
#.....<.............
*
......)?...........#*
* ,
......?............#
,
.........".g<......#*
..#.........@.......#
, .
##.....#........... ,
#####.#....?...... *
, #.#$..........
#.#...........
,..##.......... ,, ,,
..........#* * *
..........* * , ,


You could see a gnoll.

Vanquished Creatures
  An endoplasm (D:1)
  A giant cockroach (D:1)
  2 quokkas (D:2)
  2 goblins
6 creatures vanquished.

Notes
Turn   | Place    | Note
-------+----------+-------------------------------------------
     0 | D:1      | Cruella the Meteoran Cinder Acolyte began the quest for the
                  | Orb.
     0 | D:1      | Reached XP level 1. HP: 19/19 MP: 3/3
    42 | D:2      | Reached skill level 4 in Axes
    42 | D:2      | Reached XP level 2. HP: 10/26 MP: 5/5
    57 | D:2      | Slain by a gnoll

Illustrated notes

Levels and vault maps discovered:
D:1:      lemuel_arrival_behind_the_door_small, layout_rooms,
          basic_ecumenical_altar, minmay_misc_feat_plants, dk_noncrumbling_4,
          minmay_tetromino_t4
D:2:      layout_rooms, serial_shops, shop, minmay_distorted

Skill      XL: |  1 |
---------------+----+-----
Axes           | 4 |  4.3
Fighting       | |  3.2
Spellcasting   | |  1.3
Fire Magic     | |  3.6

Action                     || total
---------------------------++-------
  Melee: Hand axe          ||    20
 Armour: Robe              ||     2
  Dodge: Dodged            ||     9
